 Dungeon Crawl Stone Soup version 0.30-a0-591-g3c58d2bc28 (webtiles) character file.

Game seed: 7933704701170718265

679 IdlyInterested the Cutter (level 7, -2/75 HPs)
             Began as a Demonspawn Gladiator on Jan 5, 2023.
             Slain by a gnoll bouda
             ... wielding a +0 whip
              (7 damage)
             ... on level 5 of the Dungeon.
             The game lasted 00:12:17 (3880 turns).

IdlyInterested the Cutter (Demonspawn Gladiator)    Turns: 3880, Time: 00:12:18

Health: -2/75      AC: 23    Str: 15    XL:     7   Next: 34%
Magic:  7/7        EV:  2    Int:  7    God:
Gold:   174        SH:  0    Dex: 16    Spells: 6/6 levels left

rFire   . . .      SeeInvis .    i - +0 dagger (venom)
rCold   . . .      Faith    .    (no shield)
rNeg    . . .      Spirit   .    (body armour currently unavailable)
rPois   +          Reflect  .    (helmet currently unavailable)
rElec   .          Harm     .    (cloak currently unavailable)
rCorr   .          Rampage  .    (gloves currently unavailable)
Will    +....      NoTele   +    (boots currently unavailable)
Stlth   ++                       (no amulet)
HPRegen 0.32/turn                f - ring of flight
MPRegen 0.10/turn                w - ring of willpower

@: tree-form (expiring), weakened, studying Throwing
A: stationary, stasis, torment immunity, boosted hp, (icy blue scales 2),
powered by pain 2, (weakness stinger 1), dopey 1
a: no special abilities


You were on level 5 of the Dungeon.
You were a tree.
You visited 1 branch of the dungeon, and saw 5 of its levels.

You collected 174 gold pieces.

Inventory:

Hand Weapons
 a - a +0 rapier
 i - a +0 dagger of venom (weapon)
Missiles
 d - 3 throwing nets
 e - 4 javelins
 g - 10 poisoned darts
 p - 23 stones (quivered)
Armour
 b - a +0 leather armour
 c - a +0 helmet (melded)
 j - a +0 plate armour
 k - a +2 cloak (melded)
 s - a +0 ring mail
 u - a +0 chain mail (melded)
Jewellery
 f - a ring of flight (left branch)
 q - a ring of magical power
 w - a ring of willpower (right branch)
 x - a ring of magical power
Wands
 o - a wand of flame (24)


   Skills:
 - Level 2.0 Fighting
 * Level 6.9 Short Blades
 - Level 2.0 Throwing
 - Level 1.0 Armour
 - Level 3.0 Dodging
 * Level 2.4 Stealth
 - Level 1.0 Shields
 - Level 1.0 Evocations


You had 6 spell levels left.
You didn't know any spells.
Your spell library contained the following spells:

 Spells                   Type           Power      Damage    Failure   Level
 Foxfire                  Conj/Fire      0%         2x1d4     43%         1
 Portal Projectile        Hex/Tloc       0%         N/A       80%         3
 Stone Arrow              Conj/Erth      0%         3d7       80%         3
 Tukima's Dance           Hex            0%         N/A       80%         3
 Animate Armour           Summ/Erth      0%         N/A       99%         4
 Blade Hands              Tmut           0%         N/A       100%        5
 Fireball                 Conj/Fire      0%         3d3       100%        5
 Starburst                Conj/Fire      0%         6d3       100%        6
 Lehudib's Crystal Spear  Conj/Erth      0%         10d2      100%        8


Dungeon Overview and Level Annotations

Branches:
Dungeon (5/15)
 Temple: D:4-7

Altars:
Nemelex Xobeh


Innate Abilities, Weirdness & Mutations

You are a tree.
Your roots penetrate the ground, keeping you stationary.
You cannot be teleported.
You are immune to unholy pain and torment.
Your maximum health is greatly increased.
Your equipment is partially melded.
((You are mostly covered in icy blue scales. (AC +3)))
You sometimes gain power by taking damage.
((You have a small tail.))
You are dopey. (Int -2)


Message History

You barely miss the gnoll bouda.
The gnoll bouda is heavily wounded.
The gnoll hits you but does no damage.
You hit the gnoll bouda but do no damage.
The gnoll bouda looks as sick as possible!
The gnoll bouda is heavily wounded.
The gnoll is no longer moving quickly.
The gnoll bouda hits you with a +0 whip.
* * * LOW HITPOINT WARNING * * *
You hit the gnoll bouda but do no damage.
The gnoll bouda looks as sick as possible!
The gnoll bouda is heavily wounded.
The gnoll hits you from afar with a +0 spear.
* * * LOW HITPOINT WARNING * * *
The gnoll bouda barks out a call to the hunt!
The gnoll picks up the pace!
You hit the gnoll bouda but do no damage.
The gnoll bouda looks as sick as possible!
The gnoll bouda is heavily wounded.
The gnoll hits you but does no damage.
You hit the gnoll bouda but do no damage.
The gnoll bouda looks as sick as possible!
The gnoll bouda is severely wounded.
The gnoll bouda hits you but does no damage.
You barely miss the gnoll bouda.
The gnoll bouda is severely wounded.
Your attacks no longer feel as feeble.
The gnoll barely misses you.
You hit the gnoll bouda but do no damage.
The gnoll bouda looks as sick as possible!
The gnoll bouda is severely wounded.
The gnoll bouda gazes fiercely through you!
You feel your attacks grow feeble.
The gnoll bouda hits you but does no damage.
You hit the gnoll bouda but do no damage.
The gnoll bouda looks as sick as possible!
The gnoll bouda is almost dead.
The gnoll hits you but does no damage.
The gnoll bouda hits you with a +0 whip!
You die...

..............!
.......................
.......................
...................!...
..........)............
..............# .......
........!....## .......
#............##.......
#............g♣.......
.............g####.....
.....#..#......###....#
..^............#.......
...#......#..............
.........................
.................#......
..#......#..#...# .... #.
.........#....# ..# ...


You could see a gnoll bouda (extremely poisoned) and a gnoll (swift).

Vanquished Creatures
  Sigmund (D:2)
  A kobold brigand (D:3)
  A scorpion (D:4)
  2 hounds
  An iguana (D:4)
  2 orc wizards (D:4)
  10 gnolls
  4 adders
  An ufetubus (D:5)
  4 worms
  3 dart slugs
  13 orcs
  7 bats
  4 endoplasms
  A giant cockroach (D:2)
  7 goblins
  11 hobgoblins
  4 jackals (D:2)
  5 quokkas
  9 ball pythons
  5 frilled lizards
  6 kobolds
  5 rats
107 creatures vanquished.

Notes
Turn   | Place    | Note
-------+----------+-------------------------------------------
     0 | D:1      | IdlyInterested the Demonspawn Gladiator began the quest for
                  | the Orb.
     0 | D:1      | Reached XP level 1. HP: 16/16 MP: 1/1
    70 | D:1      | Found a faded altar of an unknown god.
   154 | D:1      | Gained mutation: You have a small tail. [demonic ancestry]
   154 | D:1      | Reached XP level 2. HP: 21/22 MP: 2/2
   251 | D:1      | Reached skill level 3 in Short Blades
   794 | D:2      | Gained mutation: You sometimes gain a little power by
                  | taking damage. [demonic ancestry]
   794 | D:2      | Reached XP level 3. HP: 26/27 MP: 3/3
  1028 | D:2      | Noticed Sigmund
  1037 | D:2      | Killed Sigmund
  1038 | D:2      | Reached skill level 4 in Short Blades
  1038 | D:2      | Reached skill level 1 in Armour
  1038 | D:2      | Reached skill level 1 in Stealth
  1038 | D:2      | Gained mutation: You sometimes gain power by taking damage.
                  | [demonic ancestry]
  1038 | D:2      | Reached XP level 4. HP: 26/33 MP: 4/4
  1038 | D:2      | Gained mutation: You are partially covered in icy blue
                  | scales. (AC +2) [demonic ancestry]
  1038 | D:2      | Reached XP level 5. HP: 30/38 MP: 5/5
  1357 | D:2      | Reached skill level 5 in Short Blades
  2241 | D:3      | Reached XP level 6. HP: 16/44 MP: 6/6
  2855 | D:4      | Found a sparkling altar of Nemelex Xobeh.
  2880 | D:4      | Reached skill level 1 in Evocations
  2891 | D:4      | Reached skill level 6 in Short Blades
  3255 | D:4      | Gained mutation: You are mostly covered in icy blue scales.
                  | (AC +3) [demonic ancestry]
  3255 | D:4      | Reached XP level 7. HP: 50/50 MP: 7/7
  3777 | D:5      | Entered Level 5 of the Dungeon
  3851 | D:5      | Reached skill level 1 in Shields
  3851 | D:5      | Gained mutation: You are dopey. (Int -2) [potion of
                  | mutation]
  3880 | D:5      | Slain by a gnoll bouda

Illustrated notes

Levels and vault maps discovered:
D:1:      minmay_arrival_jagged, layout_loops_ring,
          shapermc_ecumenical_altar_acropolis
D:2:      layout_basic, kennysheep_minor_cross, minmay_shallow_snake_nest,
          uniq_sigmund
D:3:      layout_rooms
D:4:      layout_loops_ring, mainiacjoe_overflow_small_starburst,
          minmay_manual_maat
D:5:      layout_cave_pools, minmay_temple_entry_offerings,
          minmay_misc_feat_plants

Skill      XL: |  1  2  3  4  5  6  7 |
---------------+----------------------+-----
Dodging        | 3 |  3.0
Short Blades   | 3 4 5 6 |  6.9
Throwing       | 2 |  2.0
Armour         | 1 |  1.0
Stealth        | 1 2 |  2.4
Evocations     | 1 |  1.0
Shields        | 1 |  1.0
Fighting       | |  2.0

Action                   |  1- 3 |  4- 6 |  7- 9 || total
-------------------------+-------+-------+-------++-------
Melee: Rapier            |    97 |    72 |       ||   169
       Tailslap          |     5 |    34 |    13 ||    52
       Dagger            |       |   139 |    83 ||   222
       Punch             |       |     1 |     1 ||     2
Throw: Stone             |     3 |       |       ||     3
Evoke: Wand              |       |     3 |       ||     3
  Use: Scroll            |       |     6 |     3 ||     9
       Potion            |       |     1 |     5 ||     6
 Stab: Sleeping          |     2 |     1 |       ||     3
Armor: Leather armour    |    36 |    35 |       ||    71
       Ring mail         |       |    20 |     8 ||    28
       Skin              |       |       |    40 ||    40
       Chain mail        |       |       |    38 ||    38
Dodge: Dodged            |    62 |    87 |    27 ||   176

Table legend: (Time is in decaauts)
 A = Elapsed time spent in this place.
 B = Non-inter-level travel time spent in this place.
 C = Inter-level travel time spent in this place.
 D = Time resting spent in this place.
 E = Time spent auto-exploring this place.
 F = Levels seen in this place.
 G = Mean time per level.
                   A        B        C        D        E       F      G
               +--------+--------+--------+--------+--------+-----+--------+
         Total |   3815 |   3303 |    512 |    285 |   2076 |   5 |  763.0 |
       Dungeon |   3815 |   3303 |    512 |    285 |   2076 |   5 |  763.0 |
               +--------+--------+--------+--------+--------+-----+--------+

Top non-repeatable levels by time:
     D:2: 981 daAuts
     D:3: 980 daAuts
     D:1: 950 daAuts
     D:4: 831 daAuts
     D:5: 72 daAuts
